 Dungeon Crawl Stone Soup version 0.31-a0-4-gefa6de2278 (webtiles) character file.

Game seed: 11565871145192961765

82 qeuew the Covered (level 4, 0/40 HPs)
             Began as a Minotaur Fighter on May 3, 2023.
             Succumbed to an adder's poison
             ... on level 2 of the Dungeon.
             The game lasted 00:02:19 (1122 turns).

qeuew the Covered (Minotaur Fighter)                Turns: 1122, Time: 00:02:20

Health: 0/40       AC:  7    Str: 26    XL:     4   Next: 21%
Magic:  3/3        EV: 10    Int:  5    God:
Gold:   95         SH:  0    Dex: 12    Spells: 3/3 levels left

rFire   . . .        a - +0 war axe
rCold   . . .        c - +0 buckler
rNeg    . . .        b - +0 scale mail
rPois   .            (helmet restricted)
rElec   .            (no cloak)
rCorr   .            (no gloves)
SInv    .            (no boots)
Will    .....        (no amulet) Stlth
                     g - +6 ring of strength
HPRegen 0.26/turn    (no ring)
MPRegen 0.08/turn

%: no passive effects
@: confused, mighty, lethally poisoned (0 -> -7)
A: horns 2, retaliatory headbutt, wild magic 1
a: no special abilities


You were on level 2 of the Dungeon.
You visited 1 branch of the dungeon, and saw 2 of its levels.

You collected 95 gold pieces.

Inventory:

Hand Weapons
 a - a +0 war axe (weapon)
Armour
 b - a +0 scale mail (worn)
 c - a +0 buckler (worn)
Jewellery
 g - a +6 ring of strength (left hand)
Potions
 e - a potion of flight
 f - a potion of lignification {unknown}


   Skills:
 + Level 4.0 Fighting
 * Level 3.6 Axes
 * Level 4.4 Armour
 + Level 1.3 Dodging
 + Level 4.0 Shields


You had 3 spell levels left.
You didn't know any spells.
Your spell library was empty.

Dungeon Overview and Level Annotations

Branches:
Dungeon (2/15)

Altars:

Annotations:
D:2 Sigmund


Innate Abilities, Weirdness & Mutations

You have a pair of horns on your head.
You reflexively headbutt those who attack you in melee.
Your spells are a little harder to cast, but a little more powerful.


Message History

You kill the ball python!
You block something's attack. The kobold closely misses you.
You furiously retaliate!
You headbutt the kobold!
You kill the kobold!
Unknown command.
No target in view!
Unknown command.
Unknown command.
You see here a +6 ring of strength.
g - a +6 ring of strength Something hits you.
You feel stronger.
g - a +6 ring of strength (left hand)
Something hits you.
There is a stone staircase leading down here.
You closely miss something. You headbutt something.
An adder comes into view.
Something hits you.
You miss something.
The adder hisses angrily.
You headbutt something. Something hits you!
* * * LOW HITPOINT WARNING * * *
Unknown command.
You feel very mighty all of a sudden.
You closely miss something. Something hits you!
* * * LOW HITPOINT WARNING * * *
You closely miss something. Something hits you but does no damage.
The adder bites you but does no damage.
You barely miss something. You barely miss the adder.
The adder bites you but does no damage. You block something's attack.
You miss something. Your headbutt misses something. You miss the adder.
The adder barely misses you.
You hear some strange, mumbled words.
You are confused.
The adder bites you.
* * * LOW HITPOINT WARNING * * *
You are lethally poisoned!
The adder poisons you!
You're too confused to move!
You die...

#.###....... .. #
#.###... ... #. #.#.
...######### #### #.##
...........# ....# #.#.
.........######.#.#...
#.......#....#.#...##
###{S........#.#...#.
.?.#...@...#....#.#.....
#.....).........#.#.....
#.###.)....###..#.......
#..##.### #..#....(..
#.......###..#.......
....####..............
#.## ####........<.. #.
#........... .
#.##..>.....


You could see an adder.

Vanquished Creatures
  Robin (D:2)
  2 adders (D:2)
  A worm (D:2)
  A dart slug (D:2)
  5 bats
  3 endoplasms
  A giant cockroach (D:1)
  13 goblins
  7 hobgoblins
  4 ball pythons
  2 kobolds (D:2)
  3 rats
43 creatures vanquished.

Notes
Turn   | Place    | Note
-------+----------+-------------------------------------------
     0 | D:1      | qeuew the Minotaur Fighter began the quest for the Orb.
     0 | D:1      | Reached XP level 1. HP: 19/19 MP: 0/0
   194 | D:1      | Reached XP level 2. HP: 27/27 MP: 1/1
   730 | D:1      | Found a faded altar of an unknown god.
   835 | D:1      | Gained mutation: Your spells are a little harder to cast,
                  | but a little more powerful. [potion of mutation]
   872 | D:2      | Reached XP level 3. HP: 32/33 MP: 2/2
   881 | D:2      | Noticed Robin
   886 | D:2      | Reached skill level 1 in Dodging
   893 | D:2      | Killed Robin
   915 | D:2      | Reached XP level 4. HP: 11/40 MP: 3/3
  1103 | D:2      | Noticed Sigmund
  1121 | D:2      | HP: 2/40 [adder (2)]
  1122 | D:2      | Succumbed to an adder's poison

Illustrated notes

Levels and vault maps discovered:
D:1:      lemuel_arrival_river_bridge, layout_loops_ring,
          shapermc_ecumenical_altar_mp_vishouse
D:2:      layout_rooms, serial_co_window_serial, co_window_corner_a,
          co_window_corner_a, co_window_of_opportunity_a, co_window_paths_a,
          co_window_cross_1, co_window_of_opportunity_b,
          co_window_unsneaky_path_d, co_window_corner_b,
          co_window_unsneaky_path_c, co_window_broadway_a, co_window_4corner_a,
          co_window_4corner_b, corexii_corridor_pit, minmay_misc_feat_room,
          minmay_pentomino_t4, uniq_sigmund, uniq_robin

Skill      XL: |  1  2  3 |
---------------+----------+-----
Axes           | 3 |  3.6
Armour         | 4 |  4.4
Dodging        | 1 |  1.3
Fighting       | 4 |  4.0
Shields        | 4 |  4.0

Action                     |  1- 3 |  4- 6 || total
---------------------------+-------+-------++-------
  Melee: War axe           |    55 |    14 ||    69
         Headbutt          |    12 |     2 ||    14
    Use: Scroll            |     5 |       ||     5
         Potion            |     4 |     1 ||     5
 Armour: Scale mail        |    35 |     8 ||    43
  Dodge: Dodged            |    29 |     6 ||    35
  Block: Buckler           |    26 |     2 ||    28

Table legend: (Time is in decaauts)
 A = Elapsed time spent in this place.
 B = Non-inter-level travel time spent in this place.
 C = Inter-level travel time spent in this place.
 D = Time resting spent in this place.
 E = Time spent auto-exploring this place.
 F = Levels seen in this place.
 G = Mean time per level.
                   A        B        C        D        E       F      G
               +--------+--------+--------+--------+--------+-----+--------+
         Total |   1150 |   1136 |     14 |      0 |    950 |   2 |  575.0 |
       Dungeon |   1150 |   1136 |     14 |      0 |    950 |   2 |  575.0 |
               +--------+--------+--------+--------+--------+-----+--------+

Top non-repeatable levels by time:
     D:1: 866 daAuts
     D:2: 284 daAuts
